 Dungeon Crawl Stone Soup version 0.26.1-2-gb8aa6d0cf2 (webtiles) character file.

Game seed: 9845456312413726226

697 sleeves the Magician (level 7, 0/46 HPs)
             Began as a Demonspawn Hedge Wizard on Mar 20, 2021.
             Was an Initiate of Gozag.
             Slain by an ice beast (14 damage)
             ... on level 5 of the Dungeon.
             The game lasted 00:13:52 (9119 turns).

sleeves the Magician (Demonspawn Hedge Wizard)      Turns: 9119, Time: 00:13:53

Health: 0/46       AC: 13    Str: 14    XL:     7   Next: 38%
Magic:  15/25      EV: 13    Int: 17    God:    Gozag
Gold:   280        SH:  0    Dex: 12    Spells: 12/18 levels left

rFire    + . .     SeeInvis +   a - +0 dagger
rCold    . . .     Faith    .   (no shield)
rNeg     . . .     Spirit   .   D - +4 ring mail "Luttuef" {Str+3}
rPois    .         Reflect  .   e - +1 helmet {SInv}
rElec    .         Harm     .   (no cloak)
rCorr    .         Rampage  .   (no gloves)
Will     .....                  x - +1 pair of boots
Stlth    +.........             (no amulet)
HPRegen  0.15/turn              k - ring of protection from fire
MPRegen  0.19/turn              y - ring of magical power

@: no status effects
A: hooves 1, repulsion field 1
a: Renounce Religion, Potion Petition, Call Merchant, Bribe Branch


You were on level 5 of the Dungeon.
You worshipped Gozag.
Gozag was aware of your devotion.
You visited 2 branches of the dungeon, and saw 7 of its levels.

You collected 422 gold pieces.
You spent 33 gold pieces at shops.
You paid 109 gold pieces to Gozag.

Inventory:

Hand Weapons
 a - a +0 dagger (weapon)
 d - a +4 spear
   (You found it on level 1 of the Dungeon)
Armour
 e - a +1 helmet of see invisible (worn)
   (You found it on level 1 of the Dungeon)
 i - a +1 leather armour of poison resistance
   (You found it on level 1 of the Dungeon)
 q - a +1 leather armour of cold resistance
   (You found it on level 2 of the Dungeon)
 x - a +1 pair of boots (worn)
   (You found it on level 3 of the Dungeon)
 D - the +4 ring mail "Luttuef" (worn) {Str+3}
   (You found it on level 4 of the Dungeon)

   It affects your strength (+3).
Jewellery
 k - a ring of protection from fire (left hand)
   (You found it on level 2 of the Dungeon)
 y - a ring of magical power (right hand)
   (You found it on level 3 of the Dungeon)
Wands
 b - a wand of random effects (11)
   (You found it on level 5 of the Dungeon)
 B - a wand of flame (15)
   (You found it on level 4 of the Dungeon)
Scrolls
 f - 5 scrolls of teleportation
 g - 3 scrolls of remove curse {unknown}
 h - a scroll of immolation {unknown}
 m - a scroll of enchant weapon {unknown}
 s - 3 scrolls of enchant armour
 t - a scroll of random uselessness {unknown}
 w - a scroll of identify {unknown}
 z - a scroll of blinking {unknown}
 A - 2 scrolls of fear {unknown}
Potions
 c - a potion of brilliance {unknown}
 j - 4 potions of berserk rage {unknown}
 l - a potion of flight {unknown}
 n - 2 potions of cancellation {unknown}
 o - 3 potions of haste {unknown}
 p - a potion of ambrosia {unknown}
 r - a potion of might {unknown}
 u - 4 potions of curing {unknown}
 v - a potion of attraction {unknown}


   Skills:
 - Level 1.7 Dodging
 - Level 1.7 Stealth
 + Level 6.0 Spellcasting
 + Level 5.7 Conjurations
 - Level 1.0 Summonings
 - Level 0.8 Translocations


You had 12 spell levels left.
You knew the following spells:

 Your Spells              Type           Power        Failure   Level
a - Magic Dart            Conj           96%          2%          1
b - Blink                 Tloc           N/A          28%         2
c - Mephitic Cloud        Conj/Pois/Air  11%          34%         3

Your spell library contained the following spells:

 Spells                   Type           Power        Failure   Level
 Conjure Flame            Conj/Fire      14%          24%         3
 Animate Skeleton         Necr           10%          26%         1
 Pain                     Necr           20%          26%         1
 Call Imp                 Summ           8%           26%         2
 Slow                     Hex            5%           36%         2
 Vampiric Draining        Necr           2%           61%         3
 Animate Dead             Necr           2%           95%         4
 Agony                    Necr           5%           100%        5


Dungeon Overview and Level Annotations

Branches:
Dungeon (6/15)             Temple (1/1) D:5

Altars:
Cheibriados
Dithmenos
Elyvilon
Fedhas
Gozag
Hepliaklqana
Makhleb
Nemelex Xobeh
Okawaru
Qazlal
Ru
Sif Muna
Trog
Uskayaw
Vehumet
Wu Jian
Xom
Yredelemnul
Zin

Shops:
D:5 ?

Annotations:
D:2 Terence
D:3 1 runed translucent door, Crazy Yiuf


Innate Abilities, Weirdness & Mutations

You have large cloven feet.
You are surrounded by a mild repulsion field. (EV +2)


Message History

An orc comes into view. It is wielding a +0 club.
You start resting.
Magic restored.
A leopard gecko comes into view.
The magic dart hits the leopard gecko.
The leopard gecko is heavily wounded.
The orc shouts!
You hear a shout!
The magic dart hits the leopard gecko.
You kill the leopard gecko!
The magic dart hits the orc but does no damage.
The magic dart hits the orc but does no damage.
The magic dart hits the orc but does no damage.
The orc priest calls down the wrath of Beogh upon you.
Beogh smites you!
You see here 16 bolts.
There is a stone staircase leading up here.
The magic dart hits the orc.
The orc is lightly wounded.
The orc completely misses you.
You climb upwards.
Level annotation: 1 runed translucent door, Crazy Yiuf
There is a stone staircase leading down here.
You miscast Magic Dart.
You are very lightly contaminated with residual magic.
Nothing appears to happen.
The orc barely misses you.
The magic dart hits the orc but does no damage.
The orc is lightly wounded.
The orc misses you.
The magic dart hits the orc but does no damage.
The orc is lightly wounded.
The orc hits you with a +0 club.
You are too injured to fight recklessly!
You are too injured to fight recklessly!
Casting: Magic Dart (safe; 3% risk of failure)
Confirm with . or Enter, or press ? or * to list all spells.
Aiming: Magic Dart (safe; 3% risk of failure)
Press: ? - help, Shift-Dir - straight line, f/p - orc
Aim: an orc, wielding a +0 club and wearing a +0 ring mail (lightly wounded, 0% to evade)
The magic dart hits the orc.
The orc is almost dead.
The orc hits you with a +0 club.
Casting: Magic Dart (safe; 3% risk of failure)
Confirm with . or Enter, or press ? or * to list all spells.
Aiming: Magic Dart (safe; 3% risk of failure)
Press: ? - help, Shift-Dir - straight line, f/p - orc
Aim: an orc, wielding a +0 club and wearing a +0 ring mail (severely wounded, 0% to evade)
The magic dart hits the orc.
You kill the orc!
Things that are here:
a +0 club; a +0 ring mail; an orc corpse You start resting.
Your magical contamination has completely faded away.
You start resting.
Magic restored.
You start resting.
HP restored.
You can't go down here!
There is a stone staircase leading down here.
You climb downwards.
There is a stone staircase leading up here.
The magic dart hits the orc priest.
The orc priest is lightly wounded.
The magic dart hits the orc priest.
The orc priest is heavily wounded.
The magic dart hits the orc priest.
The orc priest is almost dead.
The magic dart hits the orc priest.
You kill the orc priest!
Your Conjurations skill increases to level 4!
Things that are here:
a +0 dagger; an orc corpse Memorise Blink, consuming 2 spell levels and leaving 10?
You start memorising the spell.
You continue memorising. x2
You finish memorising.
Spell assigned to 'b'.
Okay, then.
The magic dart hits the orc.
The orc is heavily wounded.
The magic dart hits the orc.
You kill the orc!
You can't see any susceptible monsters within range! (Use Z to cast anyway.) This spell is quite dangerous to cast!
Memorise Mephitic Cloud, consuming 3 spell levels and leaving 7?
You start memorising the spell.
You continue memorising. x3
You finish memorising.
Spell assigned to 'c'.
Magic restored.
Things that are here:
a +0 dagger; an orc corpse
s - 4 scrolls labelled XOGRIMUUQE (gained 1) Key pressed, stopping explore.
Found 20 stones.
A worker ant comes into view.
A worker ant is nearby!
The magic dart hits the worker ant but does no damage.
The magic dart hits the worker ant but does no damage.
The magic dart hits the worker ant.
The worker ant is moderately wounded.
The magic dart hits the worker ant.
The worker ant is heavily wounded.
The magic dart hits the worker ant.
The worker ant is severely wounded.
The worker ant closely misses you.
The magic dart hits the worker ant but does no damage.
The worker ant is severely wounded.
The worker ant barely misses you.
The magic dart hits the worker ant.
The worker ant is severely wounded.
The worker ant closely misses you.
The magic dart hits the worker ant.
The worker ant is almost dead.
The worker ant bites you.
You are poisoned.
The worker ant poisons you!
The magic dart hits the worker ant.
You kill the worker ant!
You feel sick.
You start resting.
You feel sick. x8
You are no longer poisoned.
You start resting.
Magic restored.
You start resting.
HP restored.
A quokka comes into view.
The quokka moves out of view.
Found a stone staircase leading down.
Found 2 murky sapphire potions and a scroll labelled CEKLUT OMAXUA.
The magic dart hits the quokka.
The quokka is severely wounded.
The magic dart hits the quokka but does no damage.
The quokka is severely wounded.
The magic dart hits the quokka.
The quokka is almost dead.
The magic dart hits the quokka.
You kill the quokka!
You can't see any susceptible monsters within range! (Use Z to cast anyway.) Magic restored.
Found an escape hatch in the ceiling.
An adder is nearby!
An adder is nearby!
The magic dart hits the adder but does no damage.
The adder hisses angrily.
You hear a bark!
The magic dart hits the adder.
The adder is heavily wounded.
The magic dart hits the adder.
The adder is almost dead.
The magic dart hits the adder.
You kill the adder!
You can't see any susceptible monsters within range! (Use Z to cast anyway.)
A hound comes into view.
A hound is nearby!
A hound is nearby!
The magic dart hits the hound.
The hound is lightly wounded.
The magic dart hits the hound.
The hound is lightly wounded.
The magic dart hits the hound.
The hound is moderately wounded.
The magic dart hits the hound.
The hound is heavily wounded.
The hound bites you but does no damage.
The magic dart hits the hound.
The hound is severely wounded.
The hound barely misses you.
The magic dart hits the hound.
The hound is almost dead.
The hound closely misses you. The hound bites you.
The magic dart hits the hound.
You kill the hound!
You have reached level 6!
Your experience leads to an increase in your attributes!
Increase (S)trength, (I)ntelligence, or (D)exterity?
You feel clever.
You see here an adder corpse.
o - 3 murky sapphire potions (gained 2)
z - a scroll labelled CEKLUT OMAXUA
Found an escape hatch in the floor.
A bullfrog skeleton comes into view.
A bullfrog skeleton is nearby!
The magic dart hits the bullfrog skeleton.
The bullfrog skeleton is lightly damaged.
You can't see any susceptible monsters within range! (Use Z to cast anyway.)
You can't see any susceptible monsters within range! (Use Z to cast anyway.)
You can't see any susceptible monsters within range! (Use Z to cast anyway.)
A bullfrog skeleton is nearby!
The magic dart hits the bullfrog skeleton.
The bullfrog skeleton is moderately damaged.
The magic dart hits the bullfrog skeleton.
The bullfrog skeleton is moderately damaged.
The magic dart hits the bullfrog skeleton.
The bullfrog skeleton is heavily damaged.
The bullfrog skeleton hits you.
The magic dart hits the bullfrog skeleton.
The bullfrog skeleton is severely damaged.
The bullfrog skeleton barely misses you.
The bullfrog skeleton misses you.
The magic dart hits the bullfrog skeleton.
The bullfrog skeleton is almost destroyed.
The bullfrog skeleton barely misses you.
The magic dart hits the bullfrog skeleton.
You destroy the bullfrog skeleton!
Your Spellcasting skill increases to level 5!
You can't see any susceptible monsters within range! (Use Z to cast anyway.)
A - a scroll labelled CEDOPU BOYDON
B - a wand of flame (15)
Found a stone staircase leading up.
A howler monkey comes into view.
A howler monkey is nearby!
A howler monkey is nearby!
A howler monkey is nearby!
The magic dart hits the howler monkey.
The howler monkey is lightly wounded.
The howler monkey howls!
The magic dart hits the howler monkey.
The howler monkey is moderately wounded.
The magic dart hits the howler monkey but does no damage.
The howler monkey is moderately wounded.
The howler monkey hoots and howls with incredible vigour!
The magic dart hits the howler monkey but does no damage.
The howler monkey is moderately wounded.
The magic dart hits the howler monkey.
The howler monkey is heavily wounded.
The howler monkey hoots and howls with incredible vigour!
The magic dart hits the howler monkey.
The howler monkey is heavily wounded.
The howler monkey misses you.
The magic dart hits the howler monkey but does no damage.
The howler monkey is heavily wounded.
The howler monkey closely misses you.
The magic dart hits the howler monkey.
The howler monkey is severely wounded.
The howler monkey barely misses you.
The magic dart hits the howler monkey.
You kill the howler monkey!
You can't see any susceptible monsters within range! (Use Z to cast anyway.)
You can't see any susceptible monsters within range! (Use Z to cast anyway.)
You now have 281 gold pieces (gained 17).
Found 11 stones.
A worker ant comes into view.
A worker ant is nearby!
A worker ant is nearby!
The magic dart hits the worker ant.
The worker ant is moderately wounded.
The magic dart hits the worker ant.
The worker ant is heavily wounded.
You miscast Magic Dart.
You are very lightly contaminated with residual magic.
Nothing appears to happen.
The magic dart hits the worker ant.
The worker ant is severely wounded.
The magic dart hits the worker ant but does no damage.
The worker ant is severely wounded.
The magic dart hits the worker ant but does no damage.
The worker ant is severely wounded.
The worker ant bites you.
The magic dart hits the worker ant.
The worker ant is almost dead.
The worker ant misses you.
The magic dart hits the worker ant.
You kill the worker ant!
You can't see any susceptible monsters within range! (Use Z to cast anyway.)
You start resting.
Your magical contamination has completely faded away.
You start resting.
Magic restored.
HP restored.
Found a stone staircase leading down.
A worker ant comes into view.
A worker ant is nearby!
The magic dart hits the worker ant but does no damage.
The magic dart hits the worker ant.
The worker ant is lightly wounded.
The magic dart hits the worker ant.
The worker ant is heavily wounded.
The magic dart hits the worker ant!
The worker ant is almost dead.
The magic dart hits the worker ant but does no damage.
The worker ant is almost dead.
The worker ant closely misses you.
The magic dart hits the worker ant.
You kill the worker ant!
You can't see any susceptible monsters within range! (Use Z to cast anyway.)
You see here a worker ant corpse.
You now have 290 gold pieces (gained 9).
Found a spiked ring mail.
You now have 298 gold pieces (gained 8).
You see here an adder skeleton.
You see here a +0 hand axe.
There is a stone staircase leading down here.
g - 2 scrolls labelled IFAMNASEAGU (gained 1)
C - a pair of boots You now have 313 gold pieces (gained 15).
There is a stone staircase leading down here.
A bullfrog comes into view.
A bullfrog is nearby!
A bullfrog is nearby!
The magic dart hits the bullfrog.
The bullfrog is moderately wounded.
The bullfrog gives a loud, deep croak!
The magic dart hits the bullfrog.
The bullfrog is heavily wounded.
The magic dart hits the bullfrog.
The bullfrog is severely wounded.
The bullfrog closely misses you.
The magic dart hits the bullfrog.
The bullfrog is almost dead.
The bullfrog closely misses you.
The magic dart hits the bullfrog.
You kill the bullfrog!
Your Conjurations skill increases to level 5!
You can't see any susceptible monsters within range! (Use Z to cast anyway.) Search for what [Enter for "armor", or ? for help]? armor You see here a spiked ring mail.
Unknown command.
D - a spiked ring mail Search for what [Enter for "armor", or ? for help]?
You start putting on your armour.
You continue putting on your pair of runed boots. x4
You finish putting on your +1 pair of boots.
You start removing your armour.
You continue taking off your +0 robe. x4
You finish taking off your +0 robe.
You start putting on your armour.
You continue putting on your spiked ring mail. x5
You finish putting on the +4 ring mail "Luttuef" {Str+3}.
You feel stronger.
Drop what? 30/52 slots (_ for help) (? for menu, Esc to quit)
You drop a pair of boots.
Drop what? 29/52 slots (_ for help) (? for menu, Esc to quit)
You drop a +0 robe.
There is an escape hatch in the ceiling here.
You see here a bullfrog corpse.
An orc comes into view. It is wielding a +0 hand axe.
An orc is nearby!
An orc is nearby!
An orc is nearby!
The magic dart hits the orc but does no damage.
The orc shouts!
You hear an angry hiss.
The magic dart hits the orc.
The orc is heavily wounded.
The magic dart hits the orc but does no damage.
The orc is heavily wounded.
The magic dart hits the orc.
You kill the orc!
You can't see any susceptible monsters within range! (Use Z to cast anyway.)
An adder comes into view.
An adder is nearby!
Okay, then.
The magic dart hits the adder.
The adder is moderately wounded.
The adder hisses angrily.
The magic dart hits the adder.
The adder is almost dead.
The magic dart hits the adder.
You kill the adder!
You can't see any susceptible monsters within range! (Use Z to cast anyway.)
You can't see any susceptible monsters within range! (Use Z to cast anyway.)
Found 8 sling bullets.
Things that are here:
a +0 hand axe; a +0 leather armour; an orc corpse You see here an adder corpse.
You see here 8 sling bullets.
Key pressed, stopping explore.
An orc is nearby!
The magic dart hits the orc.
You kill the orc!
You can't see any susceptible monsters within range! (Use Z to cast anyway.)
You can't see any susceptible monsters within range! (Use Z to cast anyway.)
Things that are here:
a +0 flail; an orc corpse Done exploring.
Done exploring.
Done exploring.
You can't see any susceptible monsters within range! (Use Z to cast anyway.)
You can't see any susceptible monsters within range! (Use Z to cast anyway.) Done exploring.
Done exploring.
(D) Dungeon
Where to? (Enter - D:4 @ (x,y), ? - help)
There is a stone staircase leading down here.
You climb downwards.
Found a ring mail and a scale mail.
There is a stone staircase leading up here.
You see here a ring mail.
Found a stone staircase leading up.
Found a short sword.
Found Xiloebb's Magic Scroll Boutique.
A leopard gecko comes into view.
The leopard gecko moves out of view.
There is an entrance to Xiloebb's Magic Scroll Boutique here.
f - 5 scrolls of teleportation (gained 1) Thank you for shopping at Xiloebb's Magic Scroll Boutique!
As you read the scroll labelled XOGRIMUUQE, it crumbles to dust.
It is a scroll of enchant armour.
Your +0 helmet of see invisible glows green for a moment.
Okay, then.
A quokka comes into view.
A quokka is nearby!
A quokka is nearby!
The magic dart hits the quokka.
The quokka is severely wounded.
The magic dart hits the quokka.
You kill the quokka!
You can't see any susceptible monsters within range! (Use Z to cast anyway.)
You can't see any susceptible monsters within range! (Use Z to cast anyway.) Magic restored.
Found a leather armour.
Found a hazy altar of Hepliaklqana.
There is an empty arch of ancient stone here.
There is an empty arch of ancient stone here.
Found a staircase to the Ecumenical Temple.
A leopard gecko is nearby!
The magic dart hits the leopard gecko!
You kill the leopard gecko!
You can't see any susceptible monsters within range! (Use Z to cast anyway.)
(D) Dungeon (T) Temple
Where to? (Enter - D:5, ? - help)
Found 11 gold pieces.
There is a staircase to the Ecumenical Temple here.
You climb downwards.
Welcome to the Ecumenical Temple!
There is a staircase back to the Dungeon here.
Found a basalt altar of Yredelemnul.
You open the door.
There is an open door here.
Found an ornate altar of the Wu Jian Council and an iron altar of Okawaru.
You open the door. You open the door.
Found an opulent altar of Gozag.
You open the door.
Found a white marble altar of Elyvilon.
You open the door.
Found a shimmering blue altar of Sif Muna.
You open the door.
Found a burning altar of Makhleb.
You open the door.
There is an open door here.
You open the door.
There is an open door here.
Found a blossoming altar of Fedhas and a stormy altar of Qazlal.
You open the door. You open the door.
Found a hide-covered altar of Uskayaw.
You open the door.
Found a radiant altar of Vehumet.
You open the door.
Found a glowing silver altar of Zin.
As you open the door, it creaks loudly!
Found a bloodstained altar of Trog.
You open the door.
Done exploring.
Done exploring.
Done exploring.
Done exploring.
Done exploring.
Done exploring.
Done exploring.
Done exploring.
Done exploring.
Done exploring.
Done exploring.
Done exploring.
Done exploring.
Done exploring.
There is an open door here.
There is an open door here.
There is an open door here.
There is an opulent altar of Gozag here.
You kneel at the altar of Gozag.
Gozag welcomes you!
You pay a service fee of 109 gold.
(D) Dungeon (T) Temple
Where to? (Enter - Temple, ? - help)
There is an open door here.
There is an open door here.
There is a staircase back to the Dungeon here.
You climb upwards.
Welcome back to the Dungeon!
There is a staircase to the Ecumenical Temple here.
Unknown command.
You can't see any susceptible monsters within range! (Use Z to cast anyway.)
Found a leather armour.
You now have 182 gold pieces (gained 11).
You now have 196 gold pieces (gained 14).
An orc comes into view.
Found a broad axe.
An orc is nearby!
An orc is nearby!
An orc is nearby!
The magic dart hits the orc!
You kill the orc!
You can't see any susceptible monsters within range! (Use Z to cast anyway.) Magic restored.
An orc wizard comes into view. It is wielding a +0 dagger.
An orc comes into view. It is wielding a +0 flail.
The magic dart hits the orc wizard.
The orc wizard is lightly wounded.
The orc wizard shouts!
The orc shouts!
You hear a shout!
An orc comes into view.
An orc wizard comes into view. It is wielding a +0 dagger.
The magic dart hits the orc wizard.
The orc wizard is moderately wounded.
The orc shouts!
The orc wizard gestures at you while chanting.
You feel yourself slow down.
The orc wizard casts a spell.
The orc wizard blinks!
The orc wizard points at you and mumbles some strange words.
The magic dart hits you!
Unknown command.
The orc wizard gestures at you while chanting.
You resist with some effort.
The orc wizard points at you and mumbles some strange words.
You feel as though you will be slow longer.
The orc wizard gestures wildly while chanting.
The orc wizard seems to speed up.
The orc completely misses you.
The orc wizard gestures wildly while chanting.
The orc wizard blinks!
The orc misses you.
The orc wizard mumbles some strange words.
The orc wizard blinks!
The orc hits you but does no damage. The orc closely misses you.
The orc barely misses you. The orc closely misses you.
The orc wizard casts a spell.
The orc wizard seems to speed up.
The orc wizard gestures wildly while chanting.
The orc wizard blinks!
The orc wizard closely misses you. The orc misses you.
The orc closely misses you. The orc wizard misses you.
The orc wizard hits you with a +0 dagger.
The orc wizard mumbles some strange words.
The orc wizard blinks!
The orc wizard gestures at you while chanting.
The magic dart hits you but does no damage.
The orc wizard misses you. The orc closely misses you.
The orc wizard mumbles some strange words.
The orc wizard blinks!
The orc wizard casts a spell at you. The magic dart hits you.
The orc wizard hits you but does no damage.
The orc hits you.
The orc wizard hits you but does no damage.
The orc wizard gestures at you while chanting.
You resist with some effort. The orc wizard barely misses you.
The orc wizard casts a spell at you. The magic dart hits you.
The orc wizard hits you but does no damage.
The orc wizard hits you with a +0 dagger.
The orc wizard misses you.
Casting: Magic Dart (safe; 3% risk of failure)
Confirm with . or Enter, or press ? or * to list all spells.
You don't know that spell.
The orc wizard gestures at you while chanting.
You resist with some effort.
You feel yourself speed up. The orc wizard completely misses you.
The orc wizard mumbles some strange words.
The orc wizard blinks!
The orc wizard hits you with a +0 dagger.
The orc wizard mumbles some strange words.
The orc wizard blinks!
The orc wizard casts a spell.
The orc wizard blinks!
The orc wizard misses you.
The orc wizard hits you but does no damage.
There is a stone staircase leading up here.
The orc wizard hits you with a +0 dagger.
You climb upwards.
There is a stone staircase leading down here.
Casting: Magic Dart (safe; 3% risk of failure)
Confirm with . or Enter, or press ? or * to list all spells.
Aiming: Magic Dart (safe; 3% risk of failure)
Press: ? - help, Shift-Dir - straight line, f - orc wizard
Aim: an orc wizard, wielding a +0 dagger and wearing a +0 robe (fast, 0% to evade)
The magic dart hits the orc wizard.
The orc wizard is moderately wounded.
The orc wizard hits you with a +0 dagger.
* * * LOW HITPOINT WARNING * * *
The orc wizard casts a spell at you.
The magic dart hits you but does no damage.
Casting: Magic Dart (safe; 3% risk of failure)
Confirm with . or Enter, or press ? or * to list all spells.
Aiming: Magic Dart (safe; 3% risk of failure)
Press: ? - help, Shift-Dir - straight line, f/p - orc wizard
Aim: an orc wizard, wielding a +0 dagger and wearing a +0 robe (moderately wounded, fast, 0% to evade)
The magic dart hits the orc wizard.
The orc wizard is heavily wounded.
The orc wizard points at you and mumbles some strange words.
The magic dart hits you.
* * * LOW HITPOINT WARNING * * *
Casting: Magic Dart (safe; 3% risk of failure)
Confirm with . or Enter, or press ? or * to list all spells.
Aiming: Magic Dart (safe; 3% risk of failure)
Press: ? - help, Shift-Dir - straight line, f/p - orc wizard
Aim: an orc wizard, wielding a +0 dagger and wearing a +0 robe (heavily wounded, fast, 0% to evade)
The magic dart hits the orc wizard but does no damage.
The orc wizard is heavily wounded.
The orc wizard casts a spell at you. You resist with some effort.
The orc wizard hits you but does no damage.
Casting: Magic Dart (safe; 3% risk of failure)
Confirm with . or Enter, or press ? or * to list all spells.
Aiming: Magic Dart (safe; 3% risk of failure)
Press: ? - help, Shift-Dir - straight line, f/p - orc wizard
Aim: an orc wizard, wielding a +0 dagger and wearing a +0 robe (heavily wounded, fast, 0% to evade)
The magic dart hits the orc wizard.
The orc wizard is severely wounded.
The orc wizard is no longer moving quickly.
The orc wizard mumbles some strange words.
The orc wizard blinks!
Casting: Magic Dart (safe; 3% risk of failure)
Confirm with . or Enter, or press ? or * to list all spells.
Aiming: Magic Dart (safe; 3% risk of failure)
Press: ? - help, Shift-Dir - straight line, f/p - orc wizard
Aim: an orc wizard, wielding a +0 dagger and wearing a +0 robe (severely wounded, 0% to evade)
The magic dart hits the orc wizard.
The orc wizard is almost dead.
Casting: Magic Dart (safe; 3% risk of failure)
Confirm with . or Enter, or press ? or * to list all spells.
Aiming: Magic Dart (safe; 3% risk of failure)
Press: ? - help, Shift-Dir - straight line, f/p - orc wizard
Aim: an orc wizard, wielding a +0 dagger and wearing a +0 robe (almost dead, 0% to evade)
The magic dart hits the orc wizard.
The orc wizard is almost dead.
An orc wizard is nearby!
Casting: Magic Dart (safe; 3% risk of failure)
Confirm with . or Enter, or press ? or * to list all spells.
Aiming: Magic Dart (safe; 3% risk of failure)
Press: ? - help, Shift-Dir - straight line, f/p - orc wizard
Aim: an orc wizard, wielding a +0 dagger and wearing a +0 robe (almost dead, 0% to evade)
The magic dart hits the orc wizard.
You kill the orc wizard!
You start resting.
Magic restored.
You start resting.
HP restored.
You now have 199 gold pieces (gained 3).
A - 2 scrolls labelled CEDOPU BOYDON (gained 1)
Things that are here:
a +0 dagger; a +0 robe
(D) Dungeon (T) Temple
Where to? (Enter - D:5, ? - help)
There is a stone staircase leading down here.
You climb downwards.
The orc misses you. The orc hits you with a +0 flail. The orc misses you.
There is a stone staircase leading up here.
Casting: Magic Dart (safe; 3% risk of failure)
Confirm with . or Enter, or press ? or * to list all spells.
Aiming: Magic Dart (safe; 3% risk of failure)
Press: ? - help, Shift-Dir - straight line, f - orc
Aim: an orc, wearing a +0 scale mail (0% to evade)
The magic dart hits the orc.
The orc is heavily wounded.
The orc closely misses you. x2
Casting: Magic Dart (safe; 3% risk of failure)
Confirm with . or Enter, or press ? or * to list all spells.
Aiming: Magic Dart (safe; 3% risk of failure)
Press: ? - help, Shift-Dir - straight line, f/p - orc
Aim: an orc, wearing a +0 scale mail (heavily wounded, 0% to evade)
The magic dart hits the orc but does no damage.
The orc is heavily wounded.
The orc closely misses you. The orc hits you with a +0 flail.
Casting: Magic Dart (safe; 3% risk of failure)
Confirm with . or Enter, or press ? or * to list all spells.
Aiming: Magic Dart (safe; 3% risk of failure)
Press: ? - help, Shift-Dir - straight line, f/p - orc
Aim: an orc, wearing a +0 scale mail (heavily wounded, 0% to evade)
The magic dart hits the orc but does no damage.
The orc is heavily wounded.
The orc hits you but does no damage. The orc barely misses you.
Casting: Magic Dart (safe; 3% risk of failure)
Confirm with . or Enter, or press ? or * to list all spells.
Aiming: Magic Dart (safe; 3% risk of failure)
Press: ? - help, Shift-Dir - straight line, f/p - orc
Aim: an orc, wearing a +0 scale mail (heavily wounded, 0% to evade)
The magic dart hits the orc.
The orc is heavily wounded.
The orc hits you but does no damage.
Casting: Magic Dart (safe; 3% risk of failure)
Confirm with . or Enter, or press ? or * to list all spells.
Aiming: Magic Dart (safe; 3% risk of failure)
Press: ? - help, Shift-Dir - straight line, f/p - orc
Aim: an orc, wearing a +0 scale mail (heavily wounded, 0% to evade)
The magic dart hits the orc but does no damage.
The orc is heavily wounded.
The orc barely misses you. The orc hits you but does no damage.
The magic dart hits the orc.
You kill the orc!
The orc hits you but does no damage.
The magic dart hits the orc.
The orc is heavily wounded.
The orc closely misses you.
The magic dart hits the orc.
You kill the orc!
You can't see any susceptible monsters within range! (Use Z to cast anyway.)
An orc wizard is nearby!
An orc wizard is nearby!
An orc wizard is nearby!
An orc wizard is nearby!
The magic dart hits the orc wizard!
The orc wizard is heavily wounded.
The magic dart hits the orc wizard.
The orc wizard is heavily wounded.
The orc wizard gestures wildly while chanting.
The orc wizard seems to speed up.
The magic dart hits the orc wizard.
The orc wizard is severely wounded.
The magic dart hits the orc wizard.
The orc wizard is almost dead.
The orc wizard hits you but does no damage.
The magic dart hits the orc wizard.
You kill the orc wizard!
You have reached level 7!
HP restored.
Magic restored.
You now have 206 gold pieces (gained 7).
You see here a +0 flail.
You now have 220 gold pieces (gained 14).
Things that are here:
a +0 dagger; a +0 robe; a +0 scale mail An ogre comes into view.
It is wielding a +0 giant spiked club.
An ogre is nearby!
An ogre is nearby!
The magic dart hits the ogre.
The ogre is lightly wounded.
The ogre shouts!
The magic dart hits the ogre.
The ogre is lightly wounded.
The magic dart hits the ogre.
The ogre is moderately wounded.
The magic dart hits the ogre.
The ogre is heavily wounded.
The magic dart hits the ogre.
The ogre is severely wounded.
The magic dart hits the ogre but does no damage.
The ogre is severely wounded.
The magic dart hits the ogre.
The ogre is severely wounded.
The ogre hits you but does no damage.
The magic dart hits the ogre.
The ogre is almost dead.
The ogre hits you with a +0 giant spiked club.
The magic dart hits the ogre!
You kill the ogre!
Found 15 arrows.
You now have 236 gold pieces (gained 16).
You see here a +0 giant spiked club.
u - 4 lumpy dark potions (gained 1)
Found 21 arrows.
You now have 241 gold pieces (gained 5).
You see here a +0 ring mail.
Found 9 stones.
You open the door.
Found a snail-covered altar of Cheibriados.
Found a stone staircase leading up.
Found a stone staircase leading down.
Found 30 stones.
j - 4 fizzy silvery potions (gained 1)
Found 21 stones.
g - 3 scrolls labelled IFAMNASEAGU (gained 1)
b - a wand of random effects (11)
You see here 21 stones.
A scorpion comes into view.
Found a stone staircase leading down.
A scorpion is nearby!
A scorpion is nearby!
A scorpion is nearby!
The magic dart hits the scorpion but does no damage.
The magic dart hits the scorpion.
The scorpion is moderately wounded.
The magic dart hits the scorpion but does no damage.
The scorpion is moderately wounded.
The magic dart hits the scorpion but does no damage.
The scorpion is moderately wounded.
The magic dart hits the scorpion but does no damage.
The scorpion is moderately wounded.
The magic dart hits the scorpion but does no damage.
The scorpion is moderately wounded.
The scorpion closely misses you.
The magic dart hits the scorpion.
The scorpion is moderately wounded.
The scorpion stings you but does no damage.
The magic dart hits the scorpion.
The scorpion is moderately wounded.
The scorpion barely misses you.
The magic dart hits the scorpion.
The scorpion is heavily wounded.
The scorpion closely misses you.
The magic dart hits the scorpion but does no damage.
The scorpion is heavily wounded.
The scorpion completely misses you.
The magic dart hits the scorpion.
The scorpion is heavily wounded.
The scorpion barely misses you.
The magic dart hits the scorpion.
The scorpion is severely wounded.
The scorpion barely misses you.
The magic dart hits the scorpion!
You kill the scorpion!
Your Spellcasting skill increases to level 6!
You can't see any susceptible monsters within range! (Use Z to cast anyway.)
Found a stone staircase leading down.
You now have 244 gold pieces (gained 3).
A worker ant comes into view.
A worker ant is nearby!
A worker ant is nearby!
A worker ant is nearby!
The magic dart hits the worker ant.
The worker ant is lightly wounded.
You miscast Magic Dart.
You are very lightly contaminated with residual magic.
Nothing appears to happen.
The magic dart hits the worker ant.
The worker ant is lightly wounded.
The magic dart hits the worker ant.
The worker ant is heavily wounded.
The magic dart hits the worker ant but does no damage.
The worker ant is heavily wounded.
The worker ant barely misses you.
The magic dart hits the worker ant but does no damage.
The worker ant is heavily wounded.
The worker ant closely misses you.
The magic dart hits the worker ant!
The worker ant is almost dead.
The worker ant barely misses you.
You miscast Magic Dart.
Nothing appears to happen.
The worker ant bites you.
You are poisoned.
The worker ant poisons you!
The magic dart hits the worker ant.
The worker ant is almost dead.
You feel sick. The worker ant misses you.
The magic dart hits the worker ant.
You kill the worker ant!
You feel sick.
You can't see any susceptible monsters within range! (Use Z to cast anyway.)
You start resting.
You feel sick. x2
Your magical contamination has completely faded away.
You start resting.
You feel sick. x6
You are no longer poisoned.
You start resting.
Magic restored.
You start resting.
HP restored.
You now have 253 gold pieces (gained 9).
An adder zombie comes into view.
The adder zombie moves out of view.
There is a stone staircase leading up here.
You see here 21 gold pieces.
An adder zombie is nearby!
An adder zombie is nearby!
An adder zombie is nearby!
The magic dart hits the adder zombie!
The adder zombie is heavily damaged.
The magic dart hits the adder zombie.
The adder zombie is almost destroyed.
The magic dart hits the adder zombie.
You destroy the adder zombie!
You can't see any susceptible monsters within range! (Use Z to cast anyway.)
You can't see any susceptible monsters within range! (Use Z to cast anyway.) Magic restored.
You now have 274 gold pieces (gained 21).
There is a stone staircase leading down here.
You now have 280 gold pieces (gained 6).
As you open the door, it creaks loudly!
There is an open door here.
You open the door.
Found a shimmering altar of Xom.
There is an open door here.
You open the door.
Found a sparkling altar of Nemelex Xobeh.
There is an open door here.
You open the door.
Found a shadowy altar of Dithmenos.
There is an open door here.
There is an open door here.
You open the door.
Key pressed, stopping explore.
Done exploring.
Done exploring.
Done exploring.
Done exploring.
(D) Dungeon (T) Temple
Where to? (Enter - D:5, ? - help)
There is an open door here.
There is an open door here.
There is a stone staircase leading down here.
You climb downwards.
Found a papyrus book.
There is a stone staircase leading up here.
You pick up a book of Necromancy and begin reading...
You add the spells Pain, Animate Skeleton, Vampiric Draining, Animate Dead and Agony to your library.
An ice beast comes into view.
The magic dart hits the ice beast.
The ice beast is lightly wounded.
The magic dart hits the ice beast!
The ice beast is moderately wounded.
The ice beast hits you but does no damage.
The magic dart hits the ice beast but does no damage.
The ice beast is moderately wounded.
The ice beast hits you. The ice beast freezes you!
The magic dart hits the ice beast but does no damage.
The ice beast is moderately wounded.
The ice beast hits you. The ice beast freezes you.
You are too injured to fight recklessly!
Unknown command.
Unknown command.
There is a stone staircase leading up here.
The ice beast hits you but does no damage.
You climb upwards.
There is a stone staircase leading down here.
The magic dart hits the ice beast but does no damage.
The ice beast is lightly wounded.
The ice beast closely misses you.
The magic dart hits the ice beast.
The ice beast is moderately wounded.
The ice beast misses you.
The magic dart hits the ice beast.
The ice beast is moderately wounded.
The ice beast closely misses you.
The magic dart hits the ice beast.
The ice beast is heavily wounded.
The ice beast barely misses you.
You miscast Magic Dart.
You are very lightly contaminated with residual magic.
Nothing appears to happen.
The ice beast hits you but does no damage.
The magic dart hits the ice beast but does no damage.
The ice beast is heavily wounded.
The ice beast closely misses you.
The magic dart hits the ice beast.
The ice beast is heavily wounded.
The ice beast hits you. The ice beast freezes you!
You are too injured to fight recklessly!
Casting: Magic Dart (safe; 2% risk of failure)
Confirm with . or Enter, or press ? or * to list all spells.
Aiming: Magic Dart (safe; 2% risk of failure)
Press: ? - help, Shift-Dir - straight line, f/p - ice beast
Aim: an ice beast (heavily wounded, 0% to evade)
The magic dart hits the ice beast but does no damage.
The ice beast is heavily wounded.
The ice beast barely misses you.
Casting: Magic Dart (safe; 2% risk of failure)
Confirm with . or Enter, or press ? or * to list all spells.
Aiming: Magic Dart (safe; 2% risk of failure)
Press: ? - help, Shift-Dir - straight line, f/p - ice beast
Aim: an ice beast (heavily wounded, 0% to evade)
The magic dart hits the ice beast but does no damage.
The ice beast is heavily wounded.
The ice beast hits you but does no damage.
Casting: Magic Dart (safe; 2% risk of failure)
Confirm with . or Enter, or press ? or * to list all spells.
Aiming: Magic Dart (safe; 2% risk of failure)
Press: ? - help, Shift-Dir - straight line, f/p - ice beast
Aim: an ice beast (heavily wounded, 0% to evade)
The magic dart hits the ice beast but does no damage.
The ice beast is heavily wounded.
The ice beast hits you but does no damage.
Casting: Magic Dart (safe; 2% risk of failure)
Confirm with . or Enter, or press ? or * to list all spells.
Aiming: Magic Dart (safe; 2% risk of failure)
Press: ? - help, Shift-Dir - straight line, f/p - ice beast
Aim: an ice beast (heavily wounded, 0% to evade)
The magic dart hits the ice beast.
The ice beast is heavily wounded.
The ice beast hits you but does no damage.
Your magical contamination has completely faded away.
Casting: Magic Dart (safe; 2% risk of failure)
Confirm with . or Enter, or press ? or * to list all spells.
Aiming: Magic Dart (safe; 2% risk of failure)
Press: ? - help, Shift-Dir - straight line, f/p - ice beast
Aim: an ice beast (heavily wounded, 0% to evade)
The magic dart hits the ice beast but does no damage.
The ice beast is heavily wounded.
The ice beast hits you but does no damage.
Casting: Magic Dart (safe; 2% risk of failure)
Confirm with . or Enter, or press ? or * to list all spells.
Aiming: Magic Dart (safe; 2% risk of failure)
Press: ? - help, Shift-Dir - straight line, f/p - ice beast
Aim: an ice beast (heavily wounded, 0% to evade)
The magic dart hits the ice beast.
The ice beast is severely wounded.
The ice beast hits you. The ice beast freezes you!
* * * LOW HITPOINT WARNING * * *
Casting: Magic Dart (safe; 2% risk of failure)
Confirm with . or Enter, or press ? or * to list all spells.
Aiming: Magic Dart (safe; 2% risk of failure)
Press: ? - help, Shift-Dir - straight line, f/p - ice beast
Aim: an ice beast (severely wounded, 0% to evade)
The magic dart hits the ice beast but does no damage.
The ice beast is severely wounded.
Casting: Magic Dart (safe; 2% risk of failure)
Confirm with . or Enter, or press ? or * to list all spells.
Aiming: Magic Dart (safe; 2% risk of failure)
Press: ? - help, Shift-Dir - straight line, f/p - ice beast
Aim: an ice beast (severely wounded, 0% to evade)
The magic dart hits the ice beast.
The ice beast is almost dead.
The ice beast hits you.
* * * LOW HITPOINT WARNING * * *
The ice beast freezes you!
You die...
Your body crumbles into a pile of gold.

.....##.......#..................
#...................#.#.#........
.............................##..
........###..#......#.#.#...##...
.......###.................###...
.......##..............#...##..##
...##..........[......###...##..#
......................###......##
#..............Y@..##..#.......#.
..##........)....[####.....#.....
..#.^...............##.(...##..##
..#........................###.#
................##..#..........##
.................#...........#.##
...)...............#.#........(##
...............................#
...................#.#.........##


You could see an ice beast.

Vanquished Creatures
  An ogre (D:5)
  A bullfrog (D:4)
  A scorpion (D:5)
  A howler monkey (D:4)
  2 orc priests
  A hound (D:4)
  2 orc wizards
  A bullfrog skeleton (D:4)
  4 worker ants
  4 gnolls
  5 adders
  An adder zombie (D:5)
  4 dart slugs
  2 leopard geckos
  14 orcs
  9 bats
  3 giant cockroaches
  4 goblins
  10 hobgoblins
  10 kobolds
  3 quokkas
  2 ball pythons
  6 frilled lizards
  7 rats
98 creatures vanquished.

Vanquished Creatures (others)
  A wizard (D:3)
1 creature vanquished.

Grand Total: 99 creatures vanquished

Notes
Turn   | Place    | Note
-------+----------+-------------------------------------------
     0 | D:1      | sleeves the Demonspawn Hedge Wizard began the quest for the
                  | Orb.
     0 | D:1      | Reached XP level 1. HP: 13/13 MP: 4/4
   205 | D:1      | HP: 3/13 [kobold/+0 mace (10)]
   545 | D:1      | Gained mutation: You have large cloven feet. [demonic
                  | ancestry]
   545 | D:1      | Reached XP level 2. HP: 19/19 MP: 1/6
   971 | D:1      | Reached skill level 2 in Conjurations
  1343 | D:1      | Gained mutation: You are surrounded by a mild repulsion
                  | field. (EV +2) [demonic ancestry]
  1343 | D:1      | Reached XP level 3. HP: 24/24 MP: 2/8
  1984 | D:2      | Found a sacrificial altar of Ru.
  2320 | D:2      | Reached XP level 4. HP: 28/30 MP: 1/9
  2400 | D:2      | Found a faded altar of an unknown god.
  2455 | D:2      | Noticed Terence
  2601 | D:2      | HP: 15/30 [Terence/+0 flail (7)]
  3199 | D:2      | HP: 14/30 [Terence/+0 flail (3)]
  3735 | D:2      | Reached skill level 4 in Spellcasting
  4086 | D:3      | Found a runed translucent door.
  4087 | D:3      | Noticed Crazy Yiuf
  4160 | D:2      | Reached skill level 3 in Conjurations
  4355 | D:3      | HP: 15/30 [gnoll/+0 spear (8)]
  4975 | D:3      | Reached XP level 5. HP: 34/35 MP: 2/11
  5407 | D:3      | Found a bloodstained altar of Trog.
  5408 | D:3      | Noticed a wizard
  5413 | D:3      | Killed a wizard
  6017 | D:2      | HP: 14/35 [Terence/+0 flail (8)]
  6051 | D:2      | HP: 12/35 [Terence/+0 flail (6)]
  6707 | D:4      | Reached skill level 4 in Conjurations
  6711 | D:4      | Learned a level 2 spell: Blink
  6717 | D:4      | Learned a level 3 spell: Mephitic Cloud
  6974 | D:4      | Reached XP level 6. HP: 35/41 MP: 12/13
  7059 | D:4      | Reached skill level 5 in Spellcasting
  7489 | D:4      | Reached skill level 5 in Conjurations
  7529 | D:4      | Got a spiked ring mail
  7545 | D:4      | Identified the +4 ring mail "Luttuef" {Str+3} (You found it
                  | on level 4 of the Dungeon)
  7837 | D:5      | Entered Level 5 of the Dungeon
  7902 | D:5      | Found Xiloebb's Magic Scroll Boutique.
  7910 | D:5      | Bought a scroll of teleportation for 33 gold pieces
  7945 | D:5      | Found a hazy altar of Hepliaklqana.
  7965 | D:5      | Found a staircase to the Ecumenical Temple.
  7975 | Temple   | Entered the Ecumenical Temple
  8055 | Temple   | Became a worshipper of Gozag Ym Sagoz the Greedy
  8125 | D:4      | HP: 20/41 [orc wizard/+0 dagger (2)]
  8332 | D:5      | Reached XP level 7. HP: 42/46 MP: 15/15
  8491 | D:5      | Found a snail-covered altar of Cheibriados.
  8537 | D:5      | Reached skill level 6 in Spellcasting
  8804 | D:5      | Found a shimmering altar of Xom.
  8808 | D:5      | Found a sparkling altar of Nemelex Xobeh.
  8813 | D:5      | Found a shadowy altar of Dithmenos.
  9104 | D:5      | HP: 15/46 [ice beast (13)]
  9119 | D:5      | HP: 14/46 [ice beast (4)]
  9119 | D:5      | Slain by an ice beast

Illustrated notes

Levels and vault maps discovered:
D:1:      scummos_arrival_forest, layout_basic, minmay_split_cup_small
D:2:      layout_loops_corners, nicolae_overflow_crystal_walls,
          chequers_ecumenical_altar_simple, uniq_terence
D:3:      layout_loops_corners, trog_wizard, uniq_crazy_yiuf_cottage
D:4:      layout_cave_pods
D:5:      layout_cave_pools, lemuel_doored_altar, nzn_hepliaklqana_mist_gate,
          grunt_temple_overflow_diamond, minmay_temple_entry_statues_pillars,
          serial_glass, glass_columns_c, glass_columns_a, glass_columns_a,
          glass_columns_b, glass_columns_a, serial_shops, shop
D:6:      minmay_inner_zag, layout_loops_corners, serial_shops, shop,
          uniq_edmund, uniq_blork_the_orc, uniq_eustachio
Temple:   nicolae_temple_god_jail

Skill      XL: |  1  2  3  4  5  6  7 |
---------------+----------------------+-----
Conjurations   | 2 3 4 5 |  5.7
Spellcasting   | 4 5 6 |  6.0
Dodging        | |  1.7
Stealth        | |  1.7
Summonings     | |  1.0
Translocations | |  0.8

Action                   |  1- 3 |  4- 6 |  7- 9 || total
-------------------------+-------+-------+-------++-------
Melee: Dagger            |     2 |     2 |       ||     4
       Kick              |     1 |     2 |       ||     3
 Cast: Magic Dart        |   107 |   265 |    51 ||   423
  Use: Scroll            |       |     1 |       ||     1
Armor: Robe              |     8 |     7 |       ||    15
       Ring mail         |       |    12 |     9 ||    21
Dodge: Dodged            |    14 |    94 |    16 ||   124
